 Dungeon Crawl Stone Soup version 0.23.0 (webtiles) character file.

Game seed: 11728358110231292240

544 dvd the Charmwright (level 7, -1/56 HPs)
             Began as a Gnoll Skald on Feb 8, 2019.
             Slain by an ogre
             ... wielding a +0 giant club
              (18 damage)
             ... on level 5 of the Dungeon.
             The game lasted 00:09:53 (4425 turns).

dvd the Charmwright (Gnoll Skald)                   Turns: 4425, Time: 00:09:54

Health: -1/56      AC:  5    Str: 15    XL:     7   Next: 27%
Magic:  18/24      EV:  9    Int: 16    God:
Gold:   212        SH: 13    Dex: 14    Spells: 14/17 levels left

rFire    . . .     SeeInvis .   a - +0 hand axe
rCold    . . .     Gourm    .   g - +1 large shield
rNeg     . . .     Faith    .   p - +0 ring mail
rPois    .         Spirit   .   (no helmet)
rElec    .         Reflect  .   (no cloak)
rCorr    .         Harm     .   (no gloves)
MR       .....                  (no boots)
Stlth    +.........             (no amulet)
HPRegen  0.18/turn              o - ring of magical power
MPRegen  0.19/turn              (no ring)

@: infused, very slightly contaminated
A: distributed training, fangs 1, strong nose
a: no special abilities


You were on level 5 of the Dungeon.
You were not hungry.

You visited 1 branch of the dungeon, and saw 5 of its levels.

You collected 212 gold pieces.

Inventory:

Hand Weapons
 a - a +0 hand axe (weapon)
 q - a +1 short sword of protection
 r - a +2 whip of venom
Missiles
 n - 6 tomahawks (quivered)
Armour
 b - a +0 leather armour of positive energy
 g - a +1 large shield (worn)
 p - a +0 ring mail (worn)
Jewellery
 o - a ring of magical power (left hand)
Scrolls
 c - a scroll of fog {unknown}
 f - 3 scrolls of teleportation {unknown}
 h - a scroll of remove curse
 k - 4 scrolls of identify
 l - 2 scrolls of enchant weapon {unknown}
Potions
 e - a potion of resistance {unknown}
 i - a potion of lignification {unknown}
 j - 2 potions of agility
 m - 3 potions of curing {unknown}
Comestibles
 d - 8 rations


   Skills:
 + Level 5.1 Fighting
 + Level 2.3 Short Blades
 + Level 2.3 Long Blades
 + Level 5.1 Axes
 + Level 2.3 Maces & Flails
 + Level 2.3 Polearms
 + Level 2.3 Staves
 + Level 2.3 Slings
 + Level 2.3 Bows
 + Level 2.3 Crossbows
 + Level 2.3 Throwing
 + Level 3.5 Armour
 + Level 5.1 Dodging
 + Level 2.3 Stealth
 + Level 2.3 Shields
 + Level 2.3 Unarmed Combat
 + Level 5.5 Spellcasting
 + Level 1.9 Conjurations
 + Level 1.9 Hexes
 + Level 5.8 Charms
 + Level 1.9 Summonings
 + Level 1.9 Necromancy
 + Level 1.9 Translocations
 + Level 1.9 Transmutations
 + Level 1.9 Fire Magic
 + Level 1.9 Ice Magic
 + Level 1.9 Air Magic
 + Level 1.9 Earth Magic
 + Level 1.9 Poison Magic
 + Level 2.5 Invocations
 + Level 2.3 Evocations


You had 14 spell levels left.
You knew the following spells:

 Your Spells              Type           Power        Failure   Level  Hunger
a - Infusion              Chrm           ###.         43%         1    None
b - Song of Slaying       Chrm           ###.....     58%         2    #......

Your spell library contained the following spells:

 Spells                   Type           Power        Failure   Level  Hunger
 Shroud of Golubria       Chrm/Tloc      ###.......   85%         2    #......
 Regeneration             Chrm/Necr      ###.......   97%         3    ###....
 Spectral Weapon          Hex/Chrm       ###.....     97%         3    ###....


Dungeon Overview and Level Annotations

Branches:
Dungeon (5/15)
 Temple: D:4-7

Altars:
Kikubaaqudgha
Nemelex Xobeh
Sif Muna
Yredelemnul


Innate Abilities, Weirdness & Mutations

Your experience applies equally to all skills.
You have very sharp teeth.
Your uncanny sense of smell can sniff out nearby items.


Message History

The orc wizard casts a spell.
The orc wizard seems to speed up.
The ogre hits you with a +0 giant club!
The orc priest looks braver for a moment.
You hit the orc priest.
The orc priest is heavily wounded.
You barely miss the bullfrog zombie. You hit the ogre.
You block the bullfrog zombie's attack.
The bullfrog zombie hits you but does no damage.
The orc priest closely misses you.
Unknown command.
You closely miss the orc priest.
The orc priest is moderately wounded.
You hit the ogre. You hit the bullfrog zombie.
The ogre hits you with a +0 giant club!
* * * LOW HITPOINT WARNING * * *
You block the bullfrog zombie's attack.
The orc priest hits you but does no damage.
The bullfrog zombie hits you but does no damage.
The ogre hits you with a +0 giant club!!
You die...

#.#.##### #.#.....# .... ##
###.#..##.##......#. .
#...#..#...##.....+. ...
#...#..#..#.##....#.
...###...#..(.....##...(.
...................##....
...............<.......##...
...........@#.#.........##..
......###.ZO#............#..
..... #...#+#.....#....#..
...... #o..........#.......
#...o###oo.........##......
#...o.o....................
#.....o.......##+##.....#..
.........................#..
..(......................#..


You could see an ogre, an orc priest, an orc wizard, 2 orcs and a bullfrog
zombie.

Vanquished Creatures
  An ogre (D:4)
  A crimson imp (D:5)
  A hound (D:4)
  2 orc priests (D:3)
  2 orc wizards (D:3)
  Jessica (D:3)
  Natasha (thrice) (D:2)
  A gnoll (D:1)
  7 adders
  5 oozes
  An adder skeleton (D:4)
  2 dart slugs
  A leopard gecko (D:1)
  6 orcs
  3 ball pythons
  11 bats
  3 giant cockroaches
  2 gnoll zombies (D:3)
  11 goblins
  4 hobgoblins
  4 jackals
  A quokka (D:4)
  5 frilled lizards
  A jackal zombie (D:5)
  7 kobolds
  7 rats
93 creatures vanquished.

Notes
Turn   | Place    | Note
-------+----------+-------------------------------------------
     0 | D:1      | dvd the Gnoll Skald began the quest for the Orb.
     0 | D:1      | Reached XP level 1. HP: 20/20 MP: 6/6
    72 | D:1      | Reached XP level 2. HP: 4/26 MP: 7/7
   526 | D:1      | Reached XP level 3. HP: 29/31 MP: 9/9
   549 | D:1      | Reached skill level 5 in Spellcasting
   716 | D:1      | Reached skill level 1 in Invocations
  1015 | D:2      | Noticed Natasha
  1028 | D:2      | Killed Natasha
  1028 | D:2      | Reached skill level 1 in Short Blades
  1028 | D:2      | Reached skill level 1 in Long Blades
  1028 | D:2      | Reached skill level 1 in Maces & Flails
  1028 | D:2      | Reached skill level 1 in Polearms
  1028 | D:2      | Reached skill level 1 in Staves
  1028 | D:2      | Reached skill level 1 in Slings
  1028 | D:2      | Reached skill level 1 in Bows
  1028 | D:2      | Reached skill level 1 in Crossbows
  1028 | D:2      | Reached skill level 1 in Throwing
  1028 | D:2      | Reached skill level 1 in Stealth
  1028 | D:2      | Reached skill level 1 in Shields
  1028 | D:2      | Reached skill level 1 in Unarmed Combat
  1028 | D:2      | Reached skill level 1 in Evocations
  1028 | D:2      | Reached XP level 4. HP: 18/38 MP: 11/11
  1259 | D:2      | Noticed Natasha
  1270 | D:2      | Killed Natasha
  1270 | D:2      | Reached skill level 1 in Conjurations
  1270 | D:2      | Reached skill level 1 in Hexes
  1270 | D:2      | Reached skill level 1 in Summonings
  1270 | D:2      | Reached skill level 1 in Necromancy
  1270 | D:2      | Reached skill level 1 in Translocations
  1270 | D:2      | Reached skill level 1 in Transmutations
  1270 | D:2      | Reached skill level 1 in Fire Magic
  1270 | D:2      | Reached skill level 1 in Ice Magic
  1270 | D:2      | Reached skill level 1 in Air Magic
  1270 | D:2      | Reached skill level 1 in Earth Magic
  1270 | D:2      | Reached skill level 1 in Poison Magic
  1527 | D:2      | Noticed Natasha
  1545 | D:2      | Killed Natasha
  1545 | D:2      | Reached XP level 5. HP: 2/43 MP: 12/12
  1832 | D:2      | Learned a level 2 spell: Song of Slaying
  2276 | D:3      | Found an ancient bone altar of Kikubaaqudgha.
  2284 | D:3      | Noticed Jessica
  2297 | D:3      | Killed Jessica
  2406 | D:3      | HP: 2/43 [poisoned by an orc]
  2814 | D:3      | Reached XP level 6. HP: 37/50 MP: 13/13
  2819 | D:3      | Found a basalt altar of Yredelemnul.
  3473 | D:3      | Reached skill level 5 in Fighting
  3473 | D:3      | Reached skill level 5 in Axes
  3473 | D:3      | Reached skill level 5 in Dodging
  3845 | D:4      | Found a deep blue altar of Sif Muna.
  3845 | D:4      | Found a sparkling altar of Nemelex Xobeh.
  3922 | D:4      | Reached XP level 7. HP: 15/56 MP: 15/15
  4333 | D:5      | Entered Level 5 of the Dungeon
  4425 | D:5      | Slain by an ogre

Skill      XL: |  1  2  3  4  5  6 |
---------------+-------------------+-----
Spellcasting   | 5 |  5.5
Invocations    | 1 2 |  2.5
Short Blades   | 1 2 |  2.3
Long Blades    | 1 2 |  2.3
Maces & Flails | 1 2 |  2.3
Polearms       | 1 2 |  2.3
Staves         | 1 2 |  2.3
Slings         | 1 2 |  2.3
Bows           | 1 2 |  2.3
Crossbows      | 1 2 |  2.3
Throwing       | 1 2 |  2.3
Stealth        | 1 2 |  2.3
Shields        | 1 2 |  2.3
Unarmed Combat | 1 2 |  2.3
Evocations     | 1 2 |  2.3
Conjurations   | 1 |  1.9
Hexes          | 1 |  1.9
Summonings     | 1 |  1.9
Necromancy     | 1 |  1.9
Translocations | 1 |  1.9
Transmutations | 1 |  1.9
Fire Magic     | 1 |  1.9
Ice Magic      | 1 |  1.9
Air Magic      | 1 |  1.9
Earth Magic    | 1 |  1.9
Poison Magic   | 1 |  1.9
Armour         | 3 |  3.5
Fighting       | 5 |  5.1
Axes           | 5 |  5.1
Dodging        | 5 |  5.1
Charms         | |  5.8

Action                   |  1- 3 |  4- 6 |  7- 9 || total
-------------------------+-------+-------+-------++-------
Melee: Hand axe          |   106 |   188 |     3 ||   297
       Bite              |    13 |    33 |     5 ||    51
       Short sword       |       |    47 |    26 ||    73
       Whip              |       |       |    29 ||    29
Throw: Tomahawk          |       |     1 |       ||     1
 Cast: Song of Slaying   |       |     4 |       ||     4
       Infusion          |       |     6 |     1 ||     7
  Use: Scroll            |     5 |       |       ||     5
 Stab: Sleeping          |     4 |     2 |       ||     6
  Eat: Chunk             |       |    10 |     2 ||    12
Armor: Leather armour    |    24 |    37 |       ||    61
       Ring mail         |       |    12 |    18 ||    30
Dodge: Dodged            |    59 |    83 |    20 ||   162
Block: Large shield      |    43 |   183 |    46 ||   272
